 Dungeon Crawl Stone Soup version 0.27-a0-1501-g9d6fb14e67 (webtiles) character file.

Game seed: 11224553833287210629

100 Froggeryz the Slasher (level 4, -4/28 HPs)
             Began as a Tengu Berserker on July 8, 2021.
             Was a Believer of Trog.
             Slain by a gnoll (10 damage)
             ... on level 3 of the Dungeon.
             The game lasted 00:02:26 (3015 turns).

Froggeryz the Slasher (Tengu Berserker)             Turns: 3015, Time: 00:02:27

Health: -4/28      AC:  3    Str: 18    XL:     4   Next: 74%
Magic:  5/5        EV: 13    Int:  7    God:    Trog [**....]
Gold:   84         SH:  0    Dex: 14    Spells: 3/3 levels left

rFire    . . .     SeeInvis .   a - +0 falchion
rCold    . . .     Faith    .   (no shield)
rNeg     . . .     Spirit   .   b - +0 animal skin
rPois    .         Reflect  .   (helmet restricted)
rElec    .         Harm     .   j - +0 cloak
rCorr    .         Rampage  .   (no gloves)
Will     .....                  (boots unavailable)
Stlth    +.........             (no amulet)
HPRegen  0.09/turn              (no ring)
MPRegen  0.09/turn              (no ring)

@: no status effects
A: beak, talons 3
a: Renounce Religion, Berserk, Trog's Hand


You were on level 3 of the Dungeon.
You worshipped Trog.
Trog was pleased with you.
You visited 1 branch of the dungeon, and saw 3 of its levels.

You collected 84 gold pieces.

Inventory:

Hand Weapons
 a - a +0 falchion (weapon)
 c - a +0 long sword
Missiles
 d - 9 poisoned darts (quivered)
Armour
 b - a +0 animal skin (worn)
 j - a +0 cloak (worn)
Scrolls
 f - a scroll of identify {unknown}
 g - a scroll of enchant armour {unknown}
 h - a scroll of teleportation {unknown}
 i - a scroll of enchant weapon {unknown}
Potions
 e - 2 potions of mutation {unknown}


   Skills:
 - Level 3.0 Fighting
 * Level 5.1 Long Blades
 - Level 2.1 Armour
 + Level 3.4 Dodging


You had 3 spell levels left.
You didn't know any spells.
Your spell library was empty.

Dungeon Overview and Level Annotations

Branches:
Dungeon (3/15)

Altars:


Innate Abilities, Weirdness & Mutations

You have a beak for a mouth.
You have claws for feet.


Message History

The ball python hisses angrily.
Found a stone staircase leading down.
There are monsters nearby!
The gnoll closely misses you.
You hit the gnoll but do no damage. You claw the gnoll!
Your peck misses the gnoll.
The gnoll is heavily wounded.
The gnoll hits you from afar with a +0 halberd!
The endoplasm freezes you.
You are frozen.
The ball python misses you.
You riposte.
You closely miss the ball python. Your kick misses the ball python.
The ball python misses you. The ball python closely misses you.
You riposte.
You hit the ball python. Your kick misses the ball python.
The ball python is severely wounded.
The ball python barely misses you.
A kobold comes into view. It is wielding a +0 dagger.
The kobold shouts!
The ball python closely misses you. The ball python barely misses you.
There is a stone staircase leading up here.
You slash the ball python!
You kill the ball python!
Trog accepts your kill.
You hit the endoplasm but do no damage. You claw the endoplasm!
You kill the endoplasm!
Trog accepts your kill.
You climb upwards.
There is a stone staircase leading down here.
You start resting.
HP restored.
You climb downwards.
The gnoll hits you with a +0 flail! The gnoll barely misses you.
You riposte.
You hit the gnoll. You claw the gnoll!
You kill the gnoll!
Trog accepts your kill. The gnoll hits you with a +0 flail!
* * * LOW HITPOINT WARNING * * *
There is a stone staircase leading up, spattered with blood here.
The gnoll hits you with a +0 flail!
You die...

.....#.##.# ####.# ##
......#.##.# #....###...
#...#.#....# ##.####...#
...#.#..##..###..##...####
.###.............†........
###..#.###....######
#...##..#...##
#....##g#..####
#.#.K@†.##..J.##
......g########g.# ###
#...#.. ##.####... #.#....
#.g#...## # #...#
#..g..g.# .....
#.....g..... ####..
#...###....... ... ..#
##...... . #......


You could see 2 gnolls and a kobold.

Vanquished Creatures
  3 adders (D:2)
  A gnoll (D:3)
  A dart slug (D:2)
  5 ball pythons
  8 endoplasms
  5 giant cockroaches
  3 goblins
  3 hobgoblins
  4 jackals (D:1)
  8 kobolds
  2 quokkas
  6 bats
  4 frilled lizards (D:1)
  3 rats
56 creatures vanquished.

Notes
Turn   | Place    | Note
-------+----------+-------------------------------------------
     0 | D:1      | Froggeryz the Tengu Berserker began the quest for the Orb.
     0 | D:1      | Reached XP level 1. HP: 14/14 MP: 2/2
   310 | D:1      | Reached XP level 2. HP: 19/19 MP: 3/3
   527 | D:1      | Reached skill level 4 in Long Blades
   778 | D:1      | Reached XP level 3. HP: 8/23 MP: 4/4
  1781 | D:2      | Reached XP level 4. HP: 13/28 MP: 5/5
  2076 | D:2      | Found a faded altar of an unknown god.
  2097 | D:2      | Reached ** piety under Trog
  2226 | D:2      | Reached skill level 5 in Long Blades
  3015 | D:3      | Slain by a gnoll

Illustrated notes

Levels and vault maps discovered:
D:1:      co_arrival_random_square_maze, layout_rooms,
          hangedman_abyss_or_decor_stabs, minivault_19,
          chequers_serial_rivers_small_b, roderic_lattice_a
D:2:      layout_basic, chequers_ecumenical_altar_simple_redux
D:3:      layout_rooms, corexii_corridor_pit

Skill      XL: |  1  2  3  4 |
---------------+-------------+-----
Long Blades    | 4 5 |  5.1
Dodging        | 3 |  3.4
Fighting       | |  3.0
Armour         | |  2.1

Action                   |  1- 3 |  4- 6 || total
-------------------------+-------+-------++-------
Melee: Falchion          |    69 |    33 ||   102
       Peck              |    19 |     8 ||    27
       Kick              |    23 |    11 ||    34
 Stab: Sleeping          |     1 |       ||     1
Armor: Animal skin       |     9 |     7 ||    16
Dodge: Dodged            |    42 |    28 ||    70
       Rpst.: Falchion   |    17 |    11 ||    28

Table legend: (Time is in decaauts)
 A = Elapsed time spent in this place.
 B = Non-inter-level travel time spent in this place.
 C = Inter-level travel time spent in this place.
 D = Time resting spent in this place.
 E = Time spent auto-exploring this place.
 F = Levels seen in this place.
 G = Mean time per level.
                   A        B        C        D        E       F      G
               +--------+--------+--------+--------+--------+-----+--------+
         Total |   3024 |   2980 |     44 |    585 |   2077 |   3 | 1008.0 |
       Dungeon |   3024 |   2980 |     44 |    585 |   2077 |   3 | 1008.0 |
               +--------+--------+--------+--------+--------+-----+--------+

Top non-repeatable levels by time:
     D:2: 1506 daAuts
     D:1: 1359 daAuts
     D:3: 158 daAuts
